 Dungeon Crawl Stone Soup version 0.28-a0-476-g0f06bd746f (webtiles) character file.

Game seed: 17107436616366782524

121 Squid the Cudgeller (level 4, 0/41 HPs)
             Began as a Minotaur Berserker on Sept 16, 2021.
             Was a Believer of Trog.
             Slain by a jackal (1 damage)
             ... on level 3 of the Dungeon.
             The game lasted 00:06:03 (2681 turns).

Squid the Cudgeller (Minotaur Berserker)            Turns: 2681, Time: 00:06:04

Health: 0/41       AC: 11    Str: 22    XL:     4   Next: 77%
Magic:  3/3        EV:  1    Int:  4    God:    Trog [**....]
Gold:   63         SH:  7    Dex: 10    Spells: 3/3 levels left

rFire   . . .      SeeInvis .   a - +0 mace
rCold   . . .      Faith    .   g - +0 kite shield
rNeg    . . .      Spirit   .   c - +0 plate armour
rPois   .          Reflect  .   (helmet restricted)
rElec   .          Harm     .   (no cloak)
rCorr   .          Rampage  .   (no gloves)
Will    .....                   (no boots)
Stlth   ..........              (no amulet)
HPRegen 0.13/turn               (no ring)
MPRegen 0.08/turn               (no ring)

@: weak-willed, on berserk cooldown, slowed, constricted, very slow
A: horns 2, retaliatory headbutt
a: Renounce Religion, Berserk, Trog's Hand


You were on level 3 of the Dungeon.
You worshipped Trog.
Trog was pleased with you.
You visited 1 branch of the dungeon, and saw 3 of its levels.

You collected 63 gold pieces.

Inventory:

Hand Weapons
 a - a +0 mace (weapon)
Missiles
 d - 64 stones (quivered)
 e - 7 atropa-tipped darts
Armour
 c - a +0 plate armour (worn)
 g - a +0 kite shield (worn)
Scrolls
 k - a scroll of identify {unknown}
 l - a scroll of fear {unknown}
Potions
 f - a potion of heal wounds {unknown}
 h - 2 potions of curing {unknown}
 i - a potion of might {unknown}


   Skills:
 + Level 4.3 Fighting
 + Level 4.8 Maces & Flails
 + Level 1.4 Throwing
 + Level 3.4 Armour
 + Level 2.4 Dodging
 + Level 1.5 Shields


You had 3 spell levels left.
You didn't know any spells.
Your spell library was empty.

Dungeon Overview and Level Annotations

Branches:
Dungeon (3/15)

Altars:


Innate Abilities, Weirdness & Mutations

You have a pair of horns on your head.
You reflexively headbutt those who attack you in melee.


Message History

The gnoll hits you from afar with a +0 spear.
The jackal bites you but does no damage.
The ball python bites you but does no damage.
The ball python constricts you. The gnoll hits you but does no damage.
As you read the scroll labelled BIOJEIZUTIG, it crumbles to dust.
Your body is wracked with pain!
* * * LOW HITPOINT WARNING * * *
The jackal convulses!
The gnoll convulses! x2; It was a scroll of torment.
The jackal bites you but does no damage.
The gnoll hits you but does no damage.
The ball python bites you but does no damage.
The ball python constricts you.
The jackal bites you but does no damage.
The gnoll hits you with a +0 club.
* * * LOW HITPOINT WARNING * * *
The gnoll hits you but does no damage.
Okay, then.
You shred the net and break free!
The jackal bites you but does no damage.
You block the ball python's attack. The ball python constricts you.
The gnoll hits you but does no damage. x2; You block the jackal's attack.
You block the ball python's attack. The ball python constricts you.
The gnoll hits you but does no damage.
You escape the ball python's grasp.
The jackal bites you but does no damage.
The jackal bites you.
* * * LOW HITPOINT WARNING * * *
You block the gnoll's attack. The gnoll barely misses you.
Your skin stops crawling.
You feel less strong-willed. You block the jackal's attack.
The ball python bites you but does no damage.
You block the ball python's attack.
The jackal bites you but does no damage.
The gnoll hits you from afar with a +0 spear!
* * * LOW HITPOINT WARNING * * *
The ball python bites you but does no damage.
The ball python grabs you. The ball python constricts you.
* * * LOW HITPOINT WARNING * * *
The jackal bites you.
You die...

#######.#..+ #.#..#
#.#..# #.#..# #.#..#
########### ###.#..#
#.........# #...†..#
#.........# #.†....#
##.....g@..###(.....#
.......Sh).)(†......#
##.....g)..###......#
...........# #......#
##.........# #......#
...#'####### #......#
##... #####..# ....
..# #.. ..


You could see 2 gnolls, a jackal (weak-willed) and a ball python (weak-willed).

Vanquished Creatures
  An orc wizard (D:3)
  An adder (D:3)
  An adder skeleton (D:2)
  4 orcs (D:3)
  5 ball pythons
  A bat (D:3)
  5 endoplasms
  3 giant cockroaches (D:2)
  6 hobgoblins
  16 jackals
  5 quokkas
  A frilled lizard (D:1)
  4 goblins
  8 kobolds
  9 rats
70 creatures vanquished.

Vanquished Creatures (others)
  A fungus (D:1)
1 creature vanquished.

Grand Total: 71 creatures vanquished

Notes
Turn   | Place    | Note
-------+----------+-------------------------------------------
     0 | D:1      | Squid the Minotaur Berserker began the quest for the Orb.
     0 | D:1      | Reached XP level 1. HP: 19/19 MP: 0/0
     2 | D:1      | Noticed a human
     2 | D:1      | Noticed a vine stalker
     4 | D:1      | Noticed a tengu
     4 | D:1      | Noticed a vampire
     6 | D:1      | Noticed a demigod
     8 | D:1      | Noticed a merfolk
     8 | D:1      | Noticed a naga
    10 | D:1      | Noticed a demonspawn
    12 | D:1      | Noticed a spriggan
    12 | D:1      | Noticed an ogre
    14 | D:1      | Noticed a troll
    16 | D:1      | Noticed a dwarf
    18 | D:1      | Noticed a gargoyle
    18 | D:1      | Noticed an elf
    20 | D:1      | Noticed a draconian
    22 | D:1      | Noticed an octopode
    22 | D:1      | Noticed a felid
    24 | D:1      | Noticed a formicid
    24 | D:1      | Noticed a ghoul
    26 | D:1      | Noticed a minotaur
   353 | D:1      | Reached XP level 2. HP: 27/27 MP: 1/1
  1337 | D:1      | Reached XP level 3. HP: 33/33 MP: 2/2
  1640 | D:2      | Reached ** piety under Trog
  2094 | D:2      | Found a faded altar of an unknown god.
  2438 | D:3      | Reached XP level 4. HP: 40/40 MP: 3/3
  2487 | D:3      | Reached skill level 1 in Throwing
  2656 | D:3      | Reached skill level 1 in Shields
  2681 | D:3      | HP: 2/41 [gnoll (8)]
  2681 | D:3      | Slain by a jackal

Illustrated notes

Levels and vault maps discovered:
D:1:      kb_arrival_jail, layout_loops_ring, minmay_misc_feat_doors,
          minmay_shallow_snake_nest
D:2:      layout_loops_cross, hellmonk_ecumenical_altar_pennies_from_heaven
D:3:      layout_basic

Skill      XL: |  1  2  3  4 |
---------------+-------------+-----
Maces & Flails | 4 |  4.8
Fighting       | 4 |  4.3
Armour         | 3 |  3.4
Throwing       | 1 |  1.4
Shields        | 1 |  1.5
Dodging        | |  2.4

Action                   |  1- 3 |  4- 6 || total
-------------------------+-------+-------++-------
Melee: Mace              |   106 |    26 ||   132
       Headbutt          |    15 |     3 ||    18
Throw: Stone             |    71 |    10 ||    81
Invok: Berserk           |       |     1 ||     1
       Trog's Hand       |       |     1 ||     1
  Use: Scroll            |     1 |     2 ||     3
Armor: Animal skin       |     3 |       ||     3
       Ring mail         |     7 |       ||     7
       Plate armour      |    89 |    69 ||   158
Dodge: Dodged            |    49 |    18 ||    67
Block: Kite shield       |    54 |    32 ||    86

Table legend: (Time is in decaauts)
 A = Elapsed time spent in this place.
 B = Non-inter-level travel time spent in this place.
 C = Inter-level travel time spent in this place.
 D = Time resting spent in this place.
 E = Time spent auto-exploring this place.
 F = Levels seen in this place.
 G = Mean time per level.
                   A        B        C        D        E       F      G
               +--------+--------+--------+--------+--------+-----+--------+
         Total |   2765 |   2656 |    109 |      0 |   1967 |   3 |  921.7 |
       Dungeon |   2765 |   2656 |    109 |      0 |   1967 |   3 |  921.7 |
               +--------+--------+--------+--------+--------+-----+--------+

Top non-repeatable levels by time:
     D:1: 1495 daAuts
     D:2: 1000 daAuts
     D:3: 269 daAuts
